 Dungeon Crawl Stone Soup version 0.29.1-15-g9cfb28693d (webtiles) character file.

Game seed: 11783694949873885448

12123 pirx the Thaumaturge (level 12, -12/70 HPs)
             Began as a Djinni Conjurer on Feb 27, 2023.
             Was an Initiate of Ashenzari.
             Killed by an exploding fulminant prism (36 damage)
             ... on level 10 of the Dungeon.
             The game lasted 00:42:57 (13956 turns).

pirx the Thaumaturge (Djinni Conjurer)             Turns: 13956, Time: 00:42:58

Health: -12/70     AC: 12    Str:  6    XL:     12   Next: 16%
Gold:   580        EV: 12    Int: 24    God:    Ashenzari [......] SH:  0 Dex: 13

rFire   + + +      SeeInvis +   A - +2 falchion (flame)
rCold   x . .      Faith    .   (no shield)
rNeg    . . .      Spirit   .   a - +0 robe
rPois   ∞          Reflect  .   (no helmet)
rElec   +          Harm     .   T - +2 cloak {rCorr}
rCorr   +          Rampage  .   I - +2 pair of gloves of the Doomed God {rElec rF+}
Will    +....                   (boots unavailable)
Stlth   ++........              (no amulet)
HPRegen 0.21/turn               k - ring of see invisible
MPRegen 0.00/turn               b - +4 ring of protection

@: flying
A: sickness immunity, fire resistance 2, cold vulnerability 1, float, innate
caster, HP casting, extra vitality 1
a: Renounce Religion, Curse Item


You were on level 10 of the Dungeon.
You worshipped Ashenzari.
Ashenzari was noncommittal.
You visited 2 branches of the dungeon, and saw 11 of its levels.

You collected 580 gold pieces.

Inventory:

Hand Weapons
 A - a +2 falchion of flaming (weapon)
Armour
 a - a +0 robe (worn)
 c - a +2 leather armour of willpower
 z - a +0 troll leather armour
 F - a +0 pair of boots
 G - +0 fire dragon scales
 H - a scarf of resistance
 I - the +2 pair of gloves of the Doomed God (worn) {rElec rF+}
   (You found it on level 6 of the Dungeon)

   rF:        It protects you from fire.
   rElec:     It insulates you from electricity.
 T - a +2 cloak of preservation (worn)
 W - the +2 leather armour "Doxkaehy" {+Inv rElec}
   (You found it on level 9 of the Dungeon)

   rElec:     It insulates you from electricity.
   +Inv:      It lets you turn invisible.
Jewellery
 b - a +4 ring of protection (right hand)
 k - a ring of see invisible (left hand)
 s - a ring of protection from cold
 v - a +4 ring of evasion
 L - a +6 ring of strength
 M - a ring of willpower
 Q - an amulet of regeneration
 X - an amulet of faith
Wands
 t - a wand of paralysis (10)
 w - a wand of polymorph (7)
 P - a wand of iceblast (4)
 S - a wand of quicksilver (9)
 U - a wand of flame (30)
Scrolls
 g - a scroll of summoning {unknown}
 h - 3 scrolls of identify
 j - 4 scrolls of fog
 l - 2 scrolls of vulnerability
 n - 3 scrolls of enchant armour {unknown}
 p - 7 scrolls of teleportation {unknown}
 q - 5 scrolls of immolation {unknown}
 r - 2 scrolls of torment {unknown}
 u - a scroll of brand weapon {unknown}
 x - 4 scrolls of blinking {unknown}
 y - 3 scrolls of noise {unknown}
 C - 2 scrolls of amnesia {unknown}
 D - 2 scrolls of fear {unknown}
 J - a scroll of poison {unknown}
 N - 2 scrolls of enchant weapon {unknown}
Potions
 d - 3 potions of degeneration
 e - a potion of heal wounds
 f - 3 potions of lignification
 i - 7 potions of curing
 m - 2 potions of attraction
 o - 3 potions of flight
 B - 2 potions of resistance
 E - 3 potions of brilliance
 K - 2 potions of cancellation
 O - 4 potions of ambrosia
 R - a potion of mutation {unknown}
 V - a potion of magic
 Y - a potion of might {unknown}
Miscellaneous
 Z - a phial of floods


   Skills:
 - Level 2.1 Dodging
 - Level 1.5 Stealth
 * Level 14.6 Spellcasting


You had 12 spell levels left.
You knew the following spells:

 Your Spells              Type           Power      Damage    Failure   Level
a - Fulminant Prism       Conj/Hex       36%        3d18      1%          4
b - Searing Ray           Conj           100%       2d8       0%          2
c - Dazzling Flash        Conj/Hex       100%       N/A       1%          3
d - Freeze                Ice            100%       1d11      0%          1
e - Wereblood             Tmut           73%        N/A       0%          2
f - Teleport Other        Tloc           73%        N/A       1%          3
g - Ozocubu's Armour      Ice            73%        N/A       1%          3
h - Lightning Bolt        Conj/Air       36%        1d54      1%          5
q - Magic Dart            Conj           100%       1d8       0%          1
s - Iskenderun's Mystic   Conj/Tloc      73%        2d15      1%          4
Your spell library was empty.

Dungeon Overview and Level Annotations

Branches:
Dungeon (10/15)            Temple (1/1) D:7            Lair (0/5) D:9
    Orc: D:9-12

Altars:
Ashenzari
Cheibriados
Dithmenos
Elyvilon
Fedhas
Gozag
Hepliaklqana
Makhleb
Nemelex Xobeh
Okawaru
Qazlal
Ru
Trog
Uskayaw
Wu Jian
Xom
Yredelemnul
Zin
The Shining One

Shops:
D:10 ?

Portals:
Bailey: D:10


Innate Abilities, Weirdness & Mutations

You are immune to sickness and miasma.
You are immune to poison.
Your flesh is very heat resistant. (rF++)
You are vulnerable to cold. (rC-)
You float through the air rather than walking.
You learn spells naturally, not from books.
Your magical power is your life essence.
You have superior vitality. (+4 MHP)


Message History

Press: ? - help, Dir - move target You conjure a prism of explosive energy!
A fulminant prism comes into view.
The unseen horror hits your fulminant prism. x2
The yak gores your fulminant prism!
Your fulminant prism crackles loudly.
The unseen horror hits your fulminant prism but does no damage.
The unseen horror hits your fulminant prism.
Your fulminant prism explodes!
The blast of energy engulfs the yak!!
You kill the yak!
The blast of energy engulfs the yak!!!
You kill the yak!
The blast of energy engulfs the yak!!
You kill the yak!
Your fulminant prism crackles loudly.
The unseen horror hits your fulminant prism!
Your fulminant prism explodes!
The blast of energy engulfs the unseen horror!!
The unseen horror is severely wounded.
Aiming: Magic Dart (safe; 0% risk of failure)
Press: ? - help, Q - select action, (/) - cycle Shift-Dir - straight line, f - unseen horror
Aim: an unseen horror (severely wounded, slightly transparent, 100% to hit)
The magic dart hits the unseen horror but does no damage.
The unseen horror is severely wounded.
Casting: Magic Dart (safe; 0% risk of failure)
Confirm with . or Enter, or press ? or * to list all spells.
Aiming: Fulminant Prism (safe; 1% risk of failure)
Press: ? - help, Dir - move target, p - unseen horror You conjure a prism of explosive energy!
A fulminant prism comes into view.
The unseen horror hits you.
Your fulminant prism crackles loudly.
The unseen horror hits you.
The unseen horror attacks as you move away!
The unseen horror hits you. The unseen horror hits you!
You hear an explosion!
The blast of energy engulfs you!!!
Ouch! That really hurt!
You die...

#. .# #. .# #. ..
#. .# #. .#
#.#.### #...*.#
##x##.†.# #@# †..
#.# . ####. #.#
.#... #.##
####...### #..###
#.........
##...####.........
###.........##...
#####.....##...
#......#...


You could see an unseen horror (invisible).

Vanquished Creatures
  Erica (D:8)
  A two-headed ogre (D:9)
  Amaemon (D:9)
  4 lindwurms (D:9)
  An ugly thing (D:9)
  Maurice (D:8)
  Maggie (D:9)
  An orange demon (D:9)
  A queen bee (D:9)
  2 trolls
  Sigmund (D:4)
  Grum (D:9)
  8 yaks
  An acid dragon (D:8)
  2 water moccasins
  A hornet zombie (D:7)
  4 ice beasts
  4 orc warriors
  3 black bears
  A sky beast (D:6)
  2 ogres
  4 wolves (D:9)
  2 centaurs
  3 bullfrogs
  2 necrophages
  3 scorpions
  7 wights (D:9)
  30 killer bees
  3 howler monkeys
  6 orc priests
  2 hounds
  9 iguanas
  Natasha (thrice) (D:4)
  5 orc wizards
  A howler monkey zombie (D:7)
  4 adders
  3 worms
  The ghost of yegreS the Sneak, a weakling MeDe (D:4)
  A dart slug (D:3)
  29 orcs
  5 endoplasms
  3 giant cockroaches
  14 goblins
  4 hobgoblins
  5 jackals
  2 quokkas
  3 ball pythons
  4 bats
  A frilled lizard (D:2)
  5 kobolds
  4 rats
  21 fulminant prisms
231 creatures vanquished.

Vanquished Creatures (others)
  A sky beast (D:8)
  116 fulminant prisms
  5 fungi (D:9)
  3 plants (D:9)
125 creatures vanquished.

Grand Total: 356 creatures vanquished

Notes
Turn   | Place    | Note
-------+----------+-------------------------------------------
     0 | D:1      | pirx the Djinni Conjurer began the quest for the Orb.
     0 | D:1      | pirx set off with the following spells memorised: Magic
                  | Dart, Searing Ray, Dazzling Flash, Fulminant Prism,
                  | Iskenderun's Mystic Blast.
     0 | D:1      | Reached XP level 1. HP: 15/15 MP: 0/0
   262 | D:1      | Reached XP level 2. HP: 16/21 MP: 0/0
   574 | D:1      | Found a faded altar of an unknown god.
  1182 | D:2      | Reached XP level 3. HP: 23/25 MP: 0/0
  1182 | D:2      | Learned a level 1 spell: Freeze
  1338 | D:2      | You are sucked into a shaft and drop 2 floors!
  1380 | D:4      | Reached skill level 4 in Spellcasting
  1548 | D:4      | Found an iron altar of Okawaru.
  2176 | D:3      | Reached XP level 4. HP: 29/31 MP: 0/0
  3008 | D:4      | Found a runed translucent gate.
  3008 | D:4      | Found an opulent altar of Gozag.
  3009 | D:4      | Found a runed translucent gate.
  3010 | D:4      | Found a runed translucent gate.
  3010 | D:4      | Noticed a bullfrog
  3010 | D:4      | Noticed yegreS's ghost (weakling MeDe)
  3071 | D:4      | Noticed Sigmund
  3097 | D:4      | HP: 1/31 [Sigmund/+0 scythe (4)]
  3097 | D:4      | Killed Sigmund
  3098 | D:4      | Reached skill level 5 in Spellcasting
  3098 | D:4      | Reached XP level 5. HP: 1/35 MP: 0/0
  3098 | D:4      | Learned a level 2 spell: Wereblood
  3098 | D:4      | Reached XP level 6. HP: 1/40 MP: 0/0
  3105 | D:4      | Noticed Natasha
  3399 | D:4      | Killed Natasha
  3517 | D:4      | Noticed Natasha
  3520 | D:4      | Killed Natasha
  3520 | D:4      | Noticed Natasha
  3525 | D:4      | Killed Natasha
  3526 | D:4      | Reached skill level 6 in Spellcasting
  3663 | D:4      | Reached XP level 7. HP: 20/45 MP: 0/0
  3663 | D:4      | Learned a level 3 spell: Teleport Other
  4248 | D:4      | Killed yegreS's ghost
  4364 | D:5      | Entered Level 5 of the Dungeon
  4368 | D:5      | Reached skill level 7 in Spellcasting
  4391 | D:5      | Reached XP level 8. HP: 41/50 MP: 0/0
  4730 | D:5      | Reached skill level 8 in Spellcasting
  4993 | D:5      | Identified the +10 trident of Floral Purpose {pain, Str+2}
  5197 | D:5      | Found an ornate altar of the Wu Jian Council.
  5306 | D:5      | Found a hazy altar of Hepliaklqana.
  5812 | D:5      | Reached XP level 9. HP: 16/55 MP: 0/0
  5812 | D:5      | Learned a level 3 spell: Ozocubu's Armour
  6161 | D:6      | Identified the +2 pair of gloves of the Doomed God {rElec
                  | rF+}
  6198 | D:6      | Reached skill level 9 in Spellcasting
  6953 | D:6      | Reached skill level 10 in Spellcasting
  7859 | D:7      | Found a staircase to the Ecumenical Temple.
  7869 | Temple   | Entered the Ecumenical Temple
  8105 | Temple   | Became a worshipper of Ashenzari the Shackled
  8356 | D:7      | Found a sparkling altar of Nemelex Xobeh.
  8443 | D:7      | Reached XP level 10. HP: 40/60 MP: 0/0
  8561 | D:7      | Found a basalt altar of Yredelemnul.
  8698 | D:8      | Noticed Erica
  8707 | D:8      | Killed Erica
  8708 | D:8      | Reached skill level 11 in Spellcasting
  9060 | D:8      | Noticed Maurice
  9081 | D:8      | Killed Maurice
  9428 | D:8      | HP: 2/60 [orc priest/divine providence (14)]
  9838 | D:8      | Reached skill level 12 in Spellcasting
 11286 | D:9      | Noticed Maggie
 11296 | D:9      | Killed Maggie
 11355 | D:9      | Noticed a two-headed ogre
 11359 | D:9      | Killed a two-headed ogre
 11360 | D:9      | Reached XP level 11. HP: 37/65 MP: 0/0
 11360 | D:9      | Learned a level 5 spell: Lightning Bolt
 11443 | D:9      | HP: 3/65 [orc warrior/+0 trident (9)]
 11444 | D:9      | HP: 1/65 [orc warrior/stone (2)]
 11761 | D:9      | Noticed a green ugly thing
 11766 | D:9      | Noticed Amaemon
 11768 | D:9      | Killed a green ugly thing
 11769 | D:9      | Reached skill level 13 in Spellcasting
 11786 | D:9      | Killed Amaemon
 12067 | D:9      | Identified the +2 leather armour "Doxkaehy" {+Inv rElec}
 12263 | D:9      | Noticed Grum
 12274 | D:9      | Killed Grum
 13006 | D:9      | Found a staircase to the Lair.
 13088 | D:9      | Noticed a lindwurm
 13091 | D:9      | Noticed a lindwurm
 13093 | D:9      | Noticed a lindwurm
 13094 | D:9      | Noticed a lindwurm
 13098 | D:9      | Killed a lindwurm
 13099 | D:9      | Reached skill level 14 in Spellcasting
 13199 | D:9      | Killed a lindwurm
 13210 | D:9      | Killed a lindwurm
 13213 | D:9      | Killed a lindwurm
 13214 | D:9      | Reached XP level 12. HP: 41/70 MP: 0/0
 13522 | D:10     | Entered Level 10 of the Dungeon
 13661 | D:10     | Found Reasaev's Magic Scroll Emporium.
 13840 | D:10     | Found a flagged portal.
 13956 | D:10     | Killed by an exploding fulminant prism

Illustrated notes

Levels and vault maps discovered:
D:1:      lemuel_arrival_river_bridge, layout_rooms,
          shapermc_ecumenical_altar_mp_vishouse
D:2:      layout_basic
D:3:      layout_loops_ring
D:4:      layout_basic, okawaru_ov_weapons_minmay, ebering_ghost_gozag,
          uniq_natasha, uniq_sigmund
D:5:      layout_rooms, chequers_temple_overflow_statue_of_worship
D:6:      layout_loops_ring
D:7:      layout_basic, mainiacjoe_overflow_alcove_1,
          lemuel_zombie_altar_yredelemnul, minmay_temple_entry_slanted
D:8:      layout_layer_cave, serial_co_window_serial, co_window_paths_a,
          co_window_corner_a, co_window_paths_a, co_window_paths_a,
          co_window_of_opportunity_a, co_window_corner_cb,
          co_window_of_opportunity_c, co_window_corner_b, co_window_paths_c,
          co_window_paths_d, glass_columns_a, glass_columns_b, glass_columns_a,
          uniq_maurice, uniq_erica
D:9:      layout_gridville, dpeg_oklobed_lair, special_room [special_room_bee],
          minmay_lindwurm_lava, uniq_amaemon, uniq_maggie, uniq_grum
D:10:     layout_cave_pools, serial_shops, shop, enter_bailey_5,
          nicolae_benzene_ring
Temple:   bh_familiar_temple

Skill      XL: |  1  2  3  4  5  6  7  8  9 10 11 |
---------------+----------------------------------+-----
Spellcasting   | 4 5 6 7 8 10 12 14 | 14.6
Dodging        | |  2.1
Stealth        | |  1.5

Action                   |  1- 3 |  4- 6 |  7- 9 | 10-12 || total
-------------------------+-------+-------+-------+-------++-------
Melee: Unarmed           |       |     1 |       |       ||     1
       Falchion          |       |       |     1 |       ||     1
 Cast: Magic Dart        |    77 |    68 |   189 |    81 ||   415
       Fulminant Prism   |       |     6 |    26 |   105 ||   137
       Iskenderun's Myst |       |       |     4 |    13 ||    17
  Use: Scroll            |     2 |     4 |     5 |     1 ||    12
       Potion            |       |     2 |       |     2 ||     4
Armor: Robe              |       |     6 |    27 |    36 ||    69
Dodge: Dodged            |     4 |    22 |    61 |    58 ||   145
